Map: 블루시프트 - 래더

Players

GuMiho

  • Race: Terran Terran
  • League: Grandmaster
  • Spawn Location: 7:00

llllllllllll (Trap) - Winner!

  • Race: Protoss Protoss
  • League: Master
  • Spawn Location: 1:00

Event: IEM Season 13 - Katowice Server Qualifiers Asia 1

VOD

Have the link to the VOD?

Description

Time

  • Played on: Jan. 14, 2019, 4:24 a.m.
  • Length: 10:25

All games in this series

Show
View Real Time Build Order
Export as new Build Order

GuMiho Terran 

Build Orders: Cyclone Opening, Gas First Reaper Expand 

Get SALT Encoding   

  12  0:00  SCV  
  13  0:12  SCV  
  14  0:16  Supply Depot  
  14  0:25  SCV  
  14  0:27  Refinery  
  15  0:38  SCV  
  16  0:44  Barracks  
  16  0:50  SCV  
  17  1:02  SCV  
  18  1:14  SCV  
  19  1:30  Orbital Command  
  19  1:31  Reaper  
  20  1:43  Command Center  
  20  1:54  Factory  
  20  1:57  SCV  
  21  2:05  Barracks Reactor  
  21  2:09  SCV  
  21  2:13  Barracks  
  22  2:21  SCV  
  23  2:23  Supply Depot  
  23  2:37  Factory Tech Lab  
  23  2:44  Marine x2, SCV  
  26  2:54  Barracks  
  26  2:56  SCV  
  26  2:57  Cyclone  
  30  3:02  Marine, Barracks Tech Lab  
  30  3:03  Marine  
  32  3:08  Refinery  
  32  3:10  SCV  
  33  3:20  Marine  
  33  3:22  SCV  
  33  3:24  Orbital Command  
  35  3:29  Marine x2  
  37  3:35  SCV  
  37  3:40  Stimpack  
  38  3:47  SCV  
  39  3:51  Marine x2  
  39  3:54  Marine  
  41  3:56  Widow Mine, SCV  
  41  3:58  Supply Depot  
  41  3:59  Marine, SCV  
  46  4:03  Combat Shield  
  46  4:13  Supply Depot  
  46  4:18  Refinery  
  46  4:20  SCV x2  
  46  4:23  Starport  
  48  4:24  Marine  
  48  4:28  Marine x2  
  51  4:32  Marine, SCV x2  
  51  4:33  Factory Reactor  
  51  4:38  Supply Depot  
  54  4:44  SCV x2, Supply Depot  
  53  4:46  Marine x2  
  53  4:47  Marine  
  54  4:55  Engineering Bay  
  54  4:56  SCV  
  54  4:57  Marine  
  56  5:02  SCV  
  56  5:04  Marine x2  
  56  5:06  Marine  
  60  5:10  Supply Depot  
  60  5:14  Medivac x2  
  60  5:15  Marine  
  60  5:18  Factory Reactor, SCV  
  60  5:19  SCV  
  67  5:22  Terran Infantry Weapons Level 1  
  67  5:25  Supply Depot  
  67  5:27  Marine  
  68  5:28  Marine  
  68  5:31  Marine  
  68  5:32  SCV  
  68  5:34  SCV  
  68  5:35  Marine  
  73  5:41  Supply Depot  
  73  5:44  SCV  
  73  5:46  SCV  
  73  5:48  Medivac x2  
  73  5:49  Marine  
  80  5:55  Marine x3  
  81  6:02  Widow Mine x2  
  81  6:07  Marine  
  82  6:13  Marine  
  79  6:19  Marine x2  
  79  6:24  Command Center  
  80  6:26  Widow Mine x2  
  80  6:31  Concussive Shells  
  80  6:32  SCV  
  77  6:34  Barracks x2  
  77  6:40  Marauder  
  77  6:41  Marauder, Refinery  
  77  6:45  Marine x2  
  81  6:48  SCV x2  
  83  6:59  Widow Mine  
  83  7:01  SCV x2  
  87  7:02  Marauder x2  
  87  7:05  Marine x2  
  78  7:16  Widow Mine  
  78  7:21  Marine x2  
  73  7:23  Marine x4  
  73  7:30  Medivac x2  
  73  7:35  SCV  
  73  7:36  SCV  
  76  7:37  Terran Infantry Armor Level 1  
  76  7:40  Marine  
  76  7:41  Widow Mine x2, Barracks Tech Lab, Barracks Reactor  
  76  7:42  Marine x2  
  81  7:46  Ghost Academy  
  81  7:47  Marine  
  80  7:54  Command Center  
  80  8:00  Marine x3  
  80  8:01  Marine  
  80  8:05  Medivac  
  86  8:06  Medivac  
  86  8:09  Widow Mine  
  86  8:11  Widow Mine  
  93  8:14  Supply Depot  
  93  8:18  Ghost  
  93  8:19  Ghost  
  96  8:21  Ghost  
  96  8:26  Marine x3  
  101  8:27  Marine  
  101  8:33  Widow Mine x2  
  106  8:37  Supply Depot  
  106  8:39  SCV  
  106  8:40  SCV  
  108  8:43  Medivac x2  
  108  8:44  Marine  
  108  8:45  Marine  
  114  8:50  Marine  
  114  8:51  Marine x3  
  118  8:58  Marine  
  118  8:59  Widow Mine  
  118  9:02  Marine  
  121  9:03  Marine  
  121  9:06  Widow Mine  
  121  9:07  Orbital Command  
  121  9:09  Marine x2, Marauder x2  
  131  9:16  Marine  
  132  9:20  Widow Mine, Supply Depot  
  132  9:21  Supply Depot  
  134  9:31  Marauder x2  
  134  9:33  Marine x2  
  134  9:34  Marine, Marauder  
  134  9:35  Marine  
  140  9:40  Widow Mine  
  140  9:42  Medivac x2  
  138  10:03  Marauder x2  
  138  10:06  Marine x2  
Show
View Real Time Build Order
Export as new Build Order

llllllllllll Protoss - Winner!

Build Orders: 1 Gate Expand, Oracle Opening 

Get SALT Encoding   

  12  0:00  Probe  
  13  0:12  Probe  
  14  0:17  Pylon  
  14  0:24  Probe  
  15  0:32  Probe  
  15  0:35  Gateway  
  15  0:40  Probe  
  16  0:45  Assimilator  
  17  0:51  Probe  
  18  1:03  Probe  
  19  1:15  Probe  
  20  1:23  Cybernetics Core  
  20  1:34  Nexus  
  20  1:41  Pylon  
  20  1:42  Probe  
  21  1:49  Assimilator  
  21  1:54  Probe  
  21  1:55  Adept  
  22  2:02  Assimilator  
  22  2:06  Probe  
  25  2:18  Probe  
  25  2:20  Stargate  
  26  2:27  Warp Gate  
  26  2:31  Probe  
  26  2:32  Adept  
  29  2:42  Probe  
  29  2:43  Probe  
  30  2:50  Probe  
  31  2:54  Oracle  
  31  2:55  Probe  
  33  2:59  Adept  
  33  3:00  Probe  
  39  3:07  Probe  
  39  3:12  Probe  
  41  3:14  Pylon  
  41  3:22  Probe  
  41  3:24  Probe  
  43  3:31  Oracle  
  46  3:37  Probe x2  
  48  3:44  Gateway  
  48  3:45  Gateway  
  48  3:49  Probe x2  
  50  4:01  Oracle  
  50  4:06  Pylon  
  50  4:08  Nexus  
  53  4:11  Probe  
  53  4:13  Pylon  
  54  4:23  Assimilator  
  54  4:24  Probe x2  
  56  4:27  Assimilator  
  56  4:32  Twilight Council  
  56  4:33  Forge  
  56  4:36  Probe x2  
  58  4:40  Blink  
  55  4:48  Probe  
  55  4:49  Probe  
  57  4:52  Protoss Ground Weapons Level 1  
  57  4:53  Gateway  
  57  4:54  Gateway  
  57  4:56  Gateway  
  57  5:03  Sentry  
  57  5:06  Probe x2  
  57  5:07  Pylon  
  61  5:17  Shield Battery  
  61  5:20  Stalker  
  63  5:21  Stalker  
  63  5:27  Gateway  
  65  5:31  Gateway  
  65  5:33  Sentry  
  67  5:38  Probe x3  
  70  5:44  Shield Battery  
  70  5:47  Sentry, Stalker  
  69  5:51  Stalker  
  69  5:56  Stalker  
  73  6:02  Stalker  
  73  6:03  Stalker  
  75  6:07  Probe x3  
  78  6:11  Photon Cannon  
  78  6:20  Stalker x3  
  82  6:27  Probe x3  
  82  6:30  Charge  
  85  6:42  Stalker x4  
  85  6:45  Pylon  
  85  6:46  Pylon  
  91  6:50  Pylon  
  91  7:00  Stalker  
  93  7:05  Zealot x2, Stalker  
  93  7:07  Stalker  
  97  7:14  Stalker  
  87  7:22  Stalker x2  
  83  7:28  Stalker  
  83  7:29  Protoss Ground Armor Level 1  
  84  7:35  Stalker  
  84  7:36  Probe  
  84  7:37  Probe x2  
  89  7:43  Stalker x2  
  93  7:50  Probe  
  93  7:51  Probe x2  
  96  7:54  Pylon  
  96  7:56  Pylon  
  96  8:08  Zealot  
  96  8:09  Zealot x5  
  109  8:12  Probe  
  109  8:13  Probe x2  
  109  8:18  Robotics Facility  
  111  8:21  Templar Archives  
  111  8:30  Pylon  
  111  8:32  Zealot x3  
  111  8:33  Zealot  
  119  8:37  Zealot  
  119  8:38  Psionic Storm  
  119  8:40  Zealot x2  
  125  8:43  Zealot  
  125  8:46  Pylon  
  127  8:48  Pylon  
  127  9:05  Assimilator  
  127  9:06  Assimilator  
  127  9:07  High Templar x2  
  127  9:08  Zealot x2  
  135  9:10  Photon Cannon  
  135  9:12  Pylon  
  135  9:13  Observer  
  135  9:16  Zealot x2  
  140  9:32  Immortal, High Templar, Zealot x2  
  140  9:33  Zealot  
  146  9:53  Archon, Zealot  
  146  9:54  Zealot x6  
  132  10:13  Stalker x2  
  132  10:14  Stalker x6  

Tags
 
Add a new tag
Caveats
  • Supply blocks, unpowered buildings, or Contaminate may cause inaccurate times.
  • Supply counts are checked every 10 seconds.